 Dungeon Sprint DCSS version 0.30-a0-728-gc68057be0a (webtiles) character file.

Game seed: 8626736929264852720

7934 rocky1 the Bludgeoner (level 11, -1/139 HPs)
             Began as an Ogre Gladiator on Jan 31, 2023.
             Was the Champion of Cheibriados.
             Slain by an elephant (17 damage)
             ... in the Dungeon (Sprint VII: "The Pits").
             The game lasted 00:05:10 (2300 turns).

rocky1 the Bludgeoner (Ogre Gladiator)              Turns: 2300, Time: 00:05:10

Health: -1/139     AC:  4    Str: 39    XL:     11   Next: 23%
Magic:  15/21      EV: 11    Int: 24    God:    Cheibriados [******]
Gold:   0          SH:  0    Dex: 25    Spells: 18/18 levels left

rFire   . . .      SeeInvis .    y - +2 dire flail (heavy)
rCold   + . .      Faith    .    (shield currently unavailable)
rNeg    . . .      Spirit   .    q - +1 robe {rC+}
rPois   .          Reflect  .    c - +0 hat
rElec   .          Harm     .    (no cloak)
rCorr   .          Rampage  .    (gloves unavailable)
Will    +....      NoTele   +    (boots unavailable)
Stlth   ++                       (no amulet)
HPRegen 0.43/turn                (no ring)
MPRegen 0.17/turn                (no ring)

@: very slow
A: large, unfitting armour, tough skin 1
a: Renounce Religion, Bend Time, Temporal Distortion, Slouch, Step From Time


You were in the Dungeon.
You worshipped Cheibriados.
Cheibriados was exalted by your worship.
You visited 1 branch

Inventory:

Hand Weapons
 a - a +0 flail
 l - a +2 mace
 p - a +2 heavy mace
 x - a +1 heavy broad axe
 y - a +2 heavy dire flail (weapon)
 z - a +3 mace of holy wrath
Missiles
 d - a throwing net (quivered)
 e - a large rock
Armour
 b - a +0 robe
 c - a +0 hat (worn)
 q - a +1 robe of cold resistance (worn)
Jewellery
 r - a +3 ring of protection
 s - a +3 ring of evasion
Scrolls
 n - 5 scrolls of amnesia
 o - a scroll of butterflies
Potions
 f - 6 potions of curing
 g - 4 potions of heal wounds
 h - 2 potions of haste
 i - 4 potions of magic
 j - 3 potions of berserk rage
 m - a potion of invisibility
 t - 3 potions of resistance
 u - a potion of brilliance
 v - a potion of might
 w - a potion of mutation


   Skills:
 + Level 17.5 Fighting
 * Level 17.5 Maces & Flails
 - Level 2.0 Throwing
 - Level 2.6 Dodging
 + Level 4.0 Spellcasting
 - Level 14.1 Invocations


You had 18 spell levels left.
You didn't know any spells.
Your spell library was empty.

Dungeon Overview and Level Annotations

Branches:
Dungeon (1/1)

Altars:
Ashenzari
Cheibriados
Dithmenos
Elyvilon
Fedhas
Gozag
Hepliaklqana
Kikubaaqudgha
Makhleb
Nemelex Xobeh
Okawaru
Qazlal
Ru
Sif Muna
Trog
Uskayaw
Vehumet
Wu Jian
Xom
Yredelemnul
Zin
The Shining One
Jiyva
Lugonu


Innate Abilities, Weirdness & Mutations

You are too large for most types of armour.
You have tough skin. (AC +1)


Message History

You destroy the wight!
Cheibriados appreciates the change of pace.
You destroy the wight!
Cheibriados appreciates the change of pace.
You kill the water moccasin!
Cheibriados thoroughly appreciates the change of pace.
You feel your dexterity returning.
Your life force feels restored.
Activating: Slouch (0% risk of failure)
Press: ? - help, Dir - look around, f - activate
Okay, then.
You feel much better.
You feel much better.
You flatten the gargoyle like a pancake!!!
You destroy the gargoyle!
Cheibriados appreciates the change of pace.
Your Spellcasting skill increases to level 4!
You beat the elephant like a drum!!!
The elephant is almost dead.
The wight hits you with a +0 battleaxe! The elephant tramples you!
You hold your ground!
The elephant trunk-slaps you.
You barely miss the wight. The elephant tramples you!
* * * LOW HITPOINT WARNING * * *
You hold your ground!
The elephant closely misses you. The wight closely misses you.
You hit the wight.
The wight is moderately damaged.
The elephant tramples you but does no damage.
The elephant barely misses you. The wight hits you with a +0 battleaxe!
* * * LOW HITPOINT WARNING * * *
You hammer the wight like a gong!!!!
You destroy the wight!
Cheibriados thoroughly appreciates the change of pace.
You hit the elephant.
The elephant is almost dead.
The elephant closely misses you. The elephant trunk-slaps you.
* * * LOW HITPOINT WARNING * * *
You hit the elephant but do no damage.
The elephant is almost dead.
The elephant tramples you!
You die...

####### #############
##..+...# #....)@.....+
#..##...###.)...Y.....#
..###...'.##.........##
...##..†#..###.....###
#...##'##...###.).###
##..#...#...#)......#
.+..')..+...'.......#
##.)#)..#...#†......#
#...##'##...###...###


You could see an elephant.

Vanquished Creatures
  A shadow wraith (D)
  A lindwurm (D)
  A phantasmal warrior (D)
  An orc sorcerer (D)
  An elephant (D)
  A black mamba (D)
  A merfolk siren (D)
  A kobold demonologist (D)
  An unseen horror (D)
  A gargoyle (D)
  3 guardian mummies (D)
  A hellwing (D)
  A hornet (D)
  A wraith (D)
  A ynoxinul (D)
  A wyvern (D)
  2 fire bats (D)
  3 yaks (D)
  2 redbacks (D)
  2 wargs (D)
  3 floating eyes (D)
  A water moccasin (D)
  A sky beast (D)
  An ice beast (D)
  A centaur (D)
  5 kobold brigands (D)
  An earth elemental (D)
  A gnoll sergeant (D)
  A necrophage (D)
  A scorpion (D)
  4 wights (D)
  3 orc wizards (D)
  A small abomination (D)
  5 gnolls (D)
  2 adders (D)
  A river rat (D)
  An adder skeleton (D)
  4 orcs (D)
  A bat (D)
  A bat skeleton (D)
  2 endoplasms (D)
  2 giant cockroaches (D)
  2 hobgoblins (D)
  4 kobolds (D)
  A quokka (D)
  A jackal skeleton (D)
  A quokka simulacrum (D)
  A rat (D)
80 creatures vanquished.

Notes
Turn   | Place    | Note
-------+----------+-------------------------------------------
     0 | D        | rocky1 the Ogre Gladiator began the quest for the Orb.
     0 | D        | Reached XP level 1. HP: 22/22 MP: 1/1
    19 | D        | Found a bloodstained altar of Trog.
    19 | D        | Found a shimmering blue altar of Sif Muna.
    19 | D        | Found a viscous altar of Jiyva.
    19 | D        | Found a hazy altar of Hepliaklqana.
    19 | D        | Found an opulent altar of Gozag.
    20 | D        | Found a glowing golden altar of the Shining One.
    20 | D        | Found a glowing silver altar of Zin.
    20 | D        | Found a basalt altar of Yredelemnul.
    20 | D        | Found a shimmering altar of Xom.
    20 | D        | Found an ornate altar of the Wu Jian Council.
    20 | D        | Found a sacrificial altar of Ru.
    20 | D        | Found a stormy altar of Qazlal.
    20 | D        | Found an iron altar of Okawaru.
    20 | D        | Found a sparkling altar of Nemelex Xobeh.
    20 | D        | Found a burning altar of Makhleb.
    20 | D        | Found a blossoming altar of Fedhas.
    20 | D        | Found a white marble altar of Elyvilon.
    20 | D        | Found a shadowy altar of Dithmenos.
    20 | D        | Found a snail-covered altar of Cheibriados.
    24 | D        | Found a corrupted altar of Lugonu.
    24 | D        | Found a radiant altar of Vehumet.
    25 | D        | Found a broken altar of Ashenzari.
    25 | D        | Found an ancient bone altar of Kikubaaqudgha.
    25 | D        | Found a hide-covered altar of Uskayaw.
    31 | D        | Became a worshipper of Cheibriados the Contemplative
    67 | D        | Noticed a floating eye
    71 | D        | Killed a floating eye
    72 | D        | Reached XP level 2. HP: 25/36 MP: 1/5
    72 | D        | Reached XP level 3. HP: 31/44 MP: 1/6
    72 | D        | Reached XP level 4. HP: 36/52 MP: 1/7
   133 | D        | Noticed a scorpion
   134 | D        | Reached * piety under Cheibriados
   147 | D        | Killed a scorpion
   147 | D        | Reached ** piety under Cheibriados
   148 | D        | Reached skill level 5 in Invocations
   148 | D        | Reached XP level 5. HP: 44/62 MP: 7/9
   245 | D        | Noticed a floating eye
   253 | D        | Paralysed by a floating eye for 2 turns
   258 | D        | Reached *** piety under Cheibriados
   260 | D        | Paralysed by a floating eye for 2 turns
   264 | D        | Paralysed by a floating eye for 3 turns
   274 | D        | Killed a floating eye
   275 | D        | Reached XP level 6. HP: 25/74 MP: 9/11
   448 | D        | Noticed a sky beast
   449 | D        | Noticed a fire bat
   449 | D        | Noticed a warg
   450 | D        | Noticed a floating eye
   458 | D        | Killed a fire bat
   459 | D        | Reached **** piety under Cheibriados
   460 | D        | Reached skill level 10 in Fighting
   460 | D        | Reached skill level 10 in Maces & Flails
   460 | D        | Reached XP level 7. HP: 44/85 MP: 12/12
   462 | D        | Paralysed by a floating eye for 4 turns
   466 | D        | Reached ***** piety under Cheibriados
   472 | D        | Killed a warg
   483 | D        | Reached XP level 8. HP: 42/97 MP: 5/14
   636 | D        | Noticed an orc sorcerer
   642 | D        | Noticed a red devil
   642 | D        | Killed an orc sorcerer
   643 | D        | Reached skill level 10 in Invocations
   885 | D        | Noticed a kobold demonologist
   885 | D        | Noticed a lindwurm
   886 | D        | Reached ****** piety under Cheibriados
   888 | D        | Killed a kobold demonologist
   889 | D        | Reached XP level 9. HP: 95/110 MP: 0/17
   891 | D        | Killed a lindwurm
  1129 | D        | Noticed a phantasmal warrior
  1135 | D        | Killed a phantasmal warrior
  1136 | D        | Reached XP level 10. HP: 77/123 MP: 7/19
  1138 | D        | Reached skill level 15 in Maces & Flails
  1148 | D        | Noticed an elephant
  1153 | D        | Killed an elephant
  1154 | D        | Reached skill level 15 in Fighting
  1334 | D        | Killed an unseen horror
  1677 | D        | Noticed a black mamba
  1683 | D        | Killed a black mamba
  1986 | D        | Noticed a merfolk siren
  1987 | D        | Killed a shadow wraith
  1994 | D        | Killed a merfolk siren
  2167 | D        | Reached XP level 11. HP: 136/137 MP: 21/21
  2278 | D        | Reached skill level 1 in Spellcasting
  2300 | D        | Slain by an elephant

Illustrated notes

Levels and vault maps discovered:
D:        pitsprint [storerooms_1, entrance_room_1, metal_vault_5, armoury_3,
          mini_pit_1, grid_room_1, main_hall_1, silver_pit, the_coven_2,
          the_vestibule_1, steel_vault_2, golden_pit, hallway_of_sentries,
          crystal_vault_6, iron_vault_2, final_vault]

Skill      XL: |  1  2  3  4  5  6  7  8  9 10 11 |
---------------+----------------------------------+-----
Maces & Flails | 6 7 8 10 11 13 14 16 17 | 17.5
Fighting       | 6 7 8 10 11 13 14 16 17 | 17.5
Invocations    | 4 5 6 7 9 10 12 14 | 14.1
Spellcasting   | 4 |  4.0
Throwing       | |  2.0
Dodging        | |  2.6

Action                     |  1- 3 |  4- 6 |  7- 9 | 10-12 || total
---------------------------+-------+-------+-------+-------++-------
  Melee: Mace              |     3 |    39 |    21 |       ||    63
         Flail             |     2 |       |       |       ||     2
         Punch             |       |     1 |       |       ||     1
         Dire flail        |       |       |     4 |    60 ||    64
  Throw: Throwing net      |       |     3 |       |       ||     3
 Invoke: Slouch            |       |       |     7 |     3 ||    10
    Use: Potion            |       |     3 |       |     2 ||     5
         Scroll            |       |       |       |     1 ||     1
   Stab: Held in net/web   |       |     1 |       |       ||     1
         Invisible         |       |       |     2 |       ||     2
         Sleeping          |       |       |     1 |     4 ||     5
 Armour: Robe              |       |    13 |     3 |    18 ||    34
  Dodge: Dodged            |       |    19 |    12 |    33 ||    64

Table legend: (Time is in decaauts)
 A = Elapsed time spent in this place.
 B = Non-inter-level travel time spent in this place.
 C = Inter-level travel time spent in this place.
 D = Time resting spent in this place.
 E = Time spent auto-exploring this place.
 F = Levels seen in this place.
 G = Mean time per level.
                   A        B        C        D        E       F      G
               +--------+--------+--------+--------+--------+-----+--------+
         Total |   2552 |   2416 |    136 |   1747 |      0 |   1 | 2552.0 |
       Dungeon |   2552 |   2416 |    136 |   1747 |      0 |   1 | 2552.0 |
               +--------+--------+--------+--------+--------+-----+--------+

Top non-repeatable levels by time:
       D: 2552 daAuts
